 Dungeon Crawl Stone Soup version 0.18-a0-960-g77c8fc5 (webtiles) character file.

13610 Yawgmoth the Geomancer (level 12, -8/59 HPs)
             Began as a Gargoyle Earth Elementalist on Dec 31, 2015.
             Was an Elder of Vehumet.
             Mangled by a freezing wraith (13 damage)
             ... in an ice cave.
             The game lasted 01:14:48 (11620 turns).

Yawgmoth the Geomancer (GrEE)                      Turns: 11620, Time: 01:14:50

Health: -8/59      AC: 18    Str: 11    XL:     12   Next: 7%
Magic:  11/27      EV: 11    Int: 22    God:    Vehumet [****..]
Gold:   390        SH:  8    Dex: 10    Spells: 5 memorised, 19 levels left

rFire  . . .     SeeInvis .     b - 24 stones
rCold  . . .     Gourm    .     S - +1 robe {Archmagi}
rNeg   + + .     Faith    .     R - +0 buckler
rPois  ∞         Spirit   .     l - +0 hat
rElec  +         Dismiss  .     I - +2 cloak
rCorr  .         Reflect  +     t - +2 pair of gloves
SustAt .         Harm     .     a - +0 pair of boots
MR     .....                    h - +5 amulet of reflection
Stlth  ++........               (no ring)
                                v - ring of positive energy

@: not resistant to hostile enchantments, unstealthy
A: negative energy resistance 1, electricity resistance, unbreathing,
petrification resistance, rot immunity, AC +8
a: Renounce Religion


You were in an ice cave.
You worshipped Vehumet.
Vehumet was greatly pleased with you.
You were not hungry.

You visited 2 branches of the dungeon, and saw 12 of its levels.
You also visited: Ice Cave.

You collected 548 gold pieces.
You spent 158 gold pieces at shops.

Inventory:

Hand Weapons
 s - a +3 short sword of venom
 w - a +0 blowgun
 T - a +2 long sword of slicing
Missiles
 b - 24 stones (in hand)
 f - 3 javelins (quivered)
 u - 8 tomahawks
 x - 29 poisoned needles
Armour
 a - a +0 pair of boots (worn)
 l - a +0 hat (worn)
 t - a +2 pair of gloves (worn)
 I - a +2 cloak (worn)
 R - a +0 buckler (worn)
 S - a +1 robe of the Archmagi (worn)
 W - a troll hide
Jewellery
 h - a +5 amulet of reflection (around neck)
 v - a ring of positive energy (left hand)
Wands
 g - a wand of disintegration (3/24)
 C - a wand of lightning (6/15)
 G - a wand of disintegration (8/24)
 H - a wand of fire (11/15)
 M - a wand of confusion (34/48)
 Q - a wand of lightning (8/15)
 U - a wand of slowing (30/48)
Scrolls
 p - 4 scrolls of enchant armour
 r - a scroll of remove curse
 y - 2 scrolls of recharging
 D - 3 scrolls of immolation
 E - 3 scrolls of enchant weapon
 J - a scroll of magic mapping
 L - 6 scrolls of identify
 N - a scroll of teleportation
 P - 3 scrolls of amnesia
Potions
 e - a potion of heal wounds
 i - 4 potions of curing
 k - a potion of resistance
 n - 2 potions of magic
 o - 2 potions of ambrosia
 z - 3 potions of agility
 A - 2 potions of haste
Books
 c - a book of Geomancy

   Spells                             Type                      Level
   a - Sandblast                      Earth                        1
   b - Stoneskin                      Transmutation/Earth          2
   c - Passwall                       Transmutation/Earth          3
   d - Stone Arrow                    Conjuration/Earth            3
   e - Petrify                        Transmutation/Earth          4
   f - Lee's Rapid Deconstruction     Earth                        5
Comestibles
 d - 9 bread rations
 j - a royal jelly
 m - 4 meat rations
 q - 6 fruits
 K - a beef jerky
 V - 8 slices of pizza


   Skills:
 - Level 1.5 Dodging
 - Level 2.1 Stealth
 + Level 11.0 Spellcasting
 + Level 10.1 Conjurations
 - Level 0.7 Transmutations
 + Level 14.0 Earth Magic


You had 19 spell levels left.
You knew the following spells:

 Your Spells              Type           Power        Failure   Level  Hunger
a - Sandblast             Erth           ######       1%          1    None
b - Stoneskin             Trmt/Erth      ######..     1%          2    None
c - Passwall              Trmt/Erth      ######....   1%          3    None
d - Stone Arrow           Conj/Erth      ######       1%          3    None
e - Lee's Rapid Deconstr  Erth           #######...   1%          5    ####...


Dungeon Overview and Level Annotations

Branches:
Dungeon (10/15)            Temple (0/1) D:7            Lair (2/8) D:10
    Orc (0/2) D:10

Altars:
Ashenzari
Dithmenos
Fedhas
Kikubaaqudgha
Makhleb
Okawaru
Pakellas
Qazlal
Sif Muna
Trog
Vehumet
Xom
Zin
The Shining One

Shops:
D:4 :**   D:6 (   D:10 *


Innate Abilities, Weirdness & Mutations

You are resistant to torment.
Your stone body is resilient (AC +8).
You are immune to poison.
You resist negative energy.
You are resistant to electric shocks.
You can survive without breathing.
You are immune to petrification.
You are immune to rotting.


Message History

Press: ? - help, Shift-Dir - straight line, f/p - freezing wraith
Aim: a freezing wraith (heavily damaged)
You feel a surge of power!
The rocky blast hits the freezing wraith.
The freezing wraith is heavily damaged.
The freezing wraith hits you but does no damage.
The freezing wraith hits you!
* * * LOW HITPOINT WARNING * * *
Casting: Sandblast
Confirm with . or Enter, or press ? or * to list all spells.
Aiming: Stone Arrow
Press: ? - help, Shift-Dir - straight line, f/p - freezing wraith
Aim: a freezing wraith (heavily damaged)
You feel a surge of power!
The stone arrow hits the freezing wraith.
The freezing wraith is almost destroyed.
The freezing wraith hits you!
* * * LOW HITPOINT WARNING * * *
The freezing wraith freezes you!
You die...

.......##
..###
........####
...##
...........##
...#
.....###....##
###..# ...###
###...#
##....# ####
##..# ##....##
#...###...###
##..###..W##
##..###..@##
##..###...##
#.......###
##....###
######


You could see a freezing wraith.

Vanquished Creatures
  Gastronok (Lair:1)
  A tengu warrior (D:10)
  The ghost of Alethiolet the Carver, a novice DsWn of Dithmenos (D:7)
  A hill giant (D:9)
  An orc sorcerer (D:10)
  Maurice (D:10)
  3 spiny frogs
  A tengu conjurer (D:10)
  3 freezing wraiths (IceCv)
  A troll (D:9)
  A two-headed ogre (D:9)
  4 blink frogs (Lair:1)
  A human (D:9)
  4 yaks (Lair:1)
  2 death yak simulacra (IceCv)
  2 hippogriffs
  A water moccasin (D:8)
  A warg (D:10)
  2 porcupines
  15 ice beasts
  2 sky beasts
  3 orc warriors
  A phantom (D:10)
  A black bear (D:8)
  3 ogres
  5 centaurs
  2 big kobolds
  8 giant frogs
  Blork the orc (D:4)
  A scorpion (D:5)
  A wyvern skeleton (D:9)
  A water moccasin skeleton (D:6)
  8 killer bees
  An elephant simulacrum (IceCv)
  A wight (D:5)
  2 crimson imps
  3 jellies
  A quasit (D:6)
  A centaur zombie (D:7)
  A giant frog zombie (D:5)
  3 hounds (D:7)
  8 orc priests
  A centaur skeleton (D:5)
  6 orc wizards
  A giant frog skeleton (D:7)
  2 iguanas
  A polar bear simulacrum (IceCv)
  7 worker ants
  A killer bee zombie (D:9)
  A hound zombie (D:4)
  A hound skeleton (D:8)
  A worker ant zombie (D:5)
  14 gnolls
  10 adders
  5 white imps (IceCv)
  A worm (D:3)
  9 giant geckos
  33 orcs
  A ball python (D:2)
  5 giant cockroaches
  12 goblins
  7 hobgoblins
  9 jackals
  19 kobolds
  3 quokkas
  9 bats
  3 giant newts
  A goblin skeleton (D:6)
  3 goblin zombies (D:6)
  A hobgoblin zombie (D:6)
  A jackal skeleton (D:5)
  2 kobold skeletons (D:6)
  A kobold zombie (D:6)
  2 orc skeletons (D:6)
  An orc zombie (D:6)
  A quokka skeleton (D:8)
  7 rats
  A bush (D:4)
  3 plants (D:3)
291 creatures vanquished.

Vanquished Creatures (others)
  6 yaks (D:9)
  A worker ant zombie (D:8)
  2 orcs (D:8)
9 creatures vanquished.

Grand Total: 300 creatures vanquished

Notes
Turn   | Place    | Note
--------------------------------------------------------------
     0 | D:1      | Yawgmoth the Gargoyle Earth Elementalist began the quest for the Orb.
     0 | D:1      | Reached XP level 1. HP: 10/10 MP: 3/3
   179 | D:1      | Reached XP level 2. HP: 15/15 MP: 5/5
   194 | D:1      | Reached skill level 4 in Earth Magic
   664 | D:2      | Reached XP level 3. HP: 19/19 MP: 0/6
  1467 | D:3      | Reached skill level 5 in Earth Magic
  1467 | D:3      | Reached XP level 4. HP: 24/24 MP: 0/9
  1697 | D:3      | Reached XP level 5. HP: 25/28 MP: 10/10
  1916 | D:3      | Learned a level 2 spell: Stoneskin
  1920 | D:3      | Learned a level 3 spell: Passwall
  1924 | D:3      | Learned a level 3 spell: Stone Arrow
  2180 | D:3      | Reached XP level 6. HP: 32/32 MP: 12/12
  2454 | D:3      | Found an iron altar of Okawaru.
  2598 | D:4      | Noticed Blork the orc
  2606 | D:4      | Killed Blork the orc
  2606 | D:4      | Reached skill level 6 in Earth Magic
  2722 | D:4      | Found a blossoming altar of Fedhas.
  2899 | D:4      | Found Ycvennomn's Book Shop.
  2938 | D:4      | Found a stormy altar of Qazlal.
  2938 | D:4      | Found a blossoming altar of Fedhas.
  3064 | D:4      | Found Etobia's Assorted Antiques.
  3075 | D:4      | Bought an opal ring for 110 gold pieces
  3084 | D:4      | Found Teacig's Assorted Antiques.
  3340 | D:4      | Reached skill level 5 in Spellcasting
  3340 | D:4      | Reached XP level 7. HP: 36/36 MP: 11/14
  3374 | D:4      | Found a shattered altar of Ashenzari.
  3384 | D:4      | Found a burning altar of Makhleb.
  3468 | D:5      | Entered Level 5 of the Dungeon
  3478 | D:5      | Found an ancient bone altar of Kikubaaqudgha.
  3549 | D:5      | Reached skill level 7 in Earth Magic
  3688 | D:5      | Found a bloodstained altar of Trog.
  3924 | D:5      | Found a shadowy altar of Dithmenos.
  3954 | D:5      | Found a radiant altar of Vehumet.
  4064 | D:5      | Became a worshipper of Vehumet
  4318 | D:6      | Reached skill level 8 in Earth Magic
  4321 | D:6      | Reached XP level 8. HP: 38/41 MP: 9/17
  4391 | D:6      | Found a glowing golden altar of the Shining One.
  4538 | D:6      | Found Rumed's Weapon Shop.
  4540 | D:6      | Bought 26 stones for 33 gold pieces
  4540 | D:6      | Bought 12 stones for 15 gold pieces
  5021 | D:7      | Reached * piety under Vehumet
  5021 | D:7      | Offered knowledge of Sting by Vehumet.
  5040 | D:7      | Reached skill level 9 in Earth Magic
  5081 | D:7      | Learned a level 5 spell: Lee's Rapid Deconstruction
  5214 | D:7      | Noticed Alethiolet's ghost (novice DsWn)
  5300 | D:6      | HP: 1/41 [centaur/arrow (8)]
  5301 | D:6      | Reached skill level 1 in Conjurations
  5906 | D:7      | Reached XP level 9. HP: 28/45 MP: 13/20
  6032 | D:7      | Killed Alethiolet's ghost
  6032 | D:7      | Reached skill level 10 in Earth Magic
  6130 | D:7      | Reached ** piety under Vehumet
  6163 | D:7      | Offered knowledge of Shock by Vehumet.
  6488 | D:7      | Found a staircase to the Ecumenical Temple.
  6930 | D:8      | Found a radiant altar of Vehumet.
  7255 | D:8      | Found a radiant altar of Vehumet.
  7268 | D:8      | Reached skill level 5 in Conjurations
  7431 | D:8      | Reached skill level 11 in Earth Magic
  7439 | D:8      | Found an oddly glowing altar of Pakellas.
  7558 | D:9      | Reached XP level 10. HP: 50/50 MP: 19/22
  7687 | D:9      | Offered knowledge of Ignite Poison by Vehumet.
  7933 | D:9      | Reached *** piety under Vehumet
  7966 | D:9      | Found a deep blue altar of Sif Muna.
  8404 | D:9      | Found a glowing silver altar of Zin.
  8404 | D:9      | Found a shimmering altar of Xom.
  8404 | D:9      | Noticed an angel
  8421 | D:9      | Noticed a hill giant
  8430 | D:9      | Killed a hill giant
  8430 | D:9      | Reached skill level 12 in Earth Magic
  8788 | D:10     | Entered Level 10 of the Dungeon
  8809 | D:10     | Noticed Maurice
  8816 | D:10     | Killed Maurice
  8816 | D:10     | Offered knowledge of Mephitic Cloud by Vehumet.
  8920 | D:10     | Found Semoumao's Superlative Supplies.
  9090 | D:10     | Found a staircase to the Orcish Mines.
  9156 | D:10     | Found a staircase to the Lair.
  9232 | D:10     | Noticed a tengu warrior
  9417 | D:10     | Killed a tengu warrior
  9417 | D:10     | Reached XP level 11. HP: 43/54 MP: 14/24
  9477 | D:10     | Noticed an orc sorcerer
  9486 | D:10     | Killed an orc sorcerer
  9486 | D:10     | Reached skill level 10 in Spellcasting
  9713 | Lair:1   | Entered Level 1 of the Lair of Beasts
  9987 | Lair:1   | Noticed Gastronok
 10015 | Lair:1   | Killed Gastronok
 10015 | Lair:1   | Reached skill level 13 in Earth Magic
 10683 | Lair:1   | Reached **** piety under Vehumet
 11183 | Lair:2   | Found a frozen archway.
 11289 | IceCv    | Entered an ice cave
 11291 | IceCv    | Offered knowledge of Bolt of Magma by Vehumet.
 11344 | IceCv    | Reached XP level 12. HP: 59/59 MP: 18/26
 11469 | IceCv    | Reached skill level 10 in Conjurations
 11474 | IceCv    | Reached skill level 14 in Earth Magic
 11620 | IceCv    | Mangled by a freezing wraith

Vault maps used:
D:1:      saegor_arrival_simple_b
D:2:      bh_walls_and_bars
D:3:      wad_woods_pond, okawaru_altar_gauntlet_db, minmay_quantized
D:4:      grunt_temple_overflow_forces_of_nature, minitemple, serial_shops,
          shop, shop, nicolae_shop_overgrown_old_shop,
          fedhas_bush_and_centaur_altar, uniq_blork_the_orc
D:5:      lightli_temple_of_fire, grunt_dithmenos_smoke,
          nicolae_overflow_crystal_walls, first_bread, lemuel_tele_altar
D:6:      nicolae_tso_besieged_by_evil, serial_shops, nicolae_shop_trees
D:7:      minmay_temple_entry_nine_rooms, serial_glass, glass_columns_a,
          glass_columns_c
D:8:      lemuel_round_altar, fiery_altar_vehumet, basic_altar
D:9:      grunt_temple_overflow_order_and_chaos_1, led_sif_pool, grunt_pizzeria
D:10:     lair_0_dummy, david_orc_3, nicolae_alphabet_shops, uniq_maurice
Lair:1:   uniq_gastronok
Lair:2:   portal_ice_cave_entry_ice_beasts
IceCv:    ice_cave_small_necro

Action                   |  1- 3 |  4- 6 |  7- 9 | 10-12 || total
-------------------------+-------+-------+-------+-------++-------
Melee: Dagger            |    46 |       |       |       ||    46
       Mace              |    10 |       |       |       ||    10
       Long sword        |    33 |   116 |       |       ||   149
       Short sword       |       |    24 |       |       ||    24
       Scimitar          |       |    77 |       |       ||    77
 Fire: Blowgun           |       |     5 |       |       ||     5
Throw: Javelin           |     5 |    11 |    21 |    11 ||    48
 Cast: Sandblast         |    31 |    60 |   185 |   135 ||   411
       Stone Arrow       |       |       |     6 |    77 ||    83
       Stoneskin         |       |       |     5 |     5 ||    10
       Lee's Rapid Decon |       |       |     1 |    11 ||    12
       Passwall          |       |       |     1 |     1 ||     2
Evoke: Wand              |       |       |       |     3 ||     3
  Use: Scroll            |     3 |     3 |    10 |    12 ||    28
       Potion            |       |       |       |     6 ||     6
 Stab: Sleeping          |     2 |       |       |       ||     2
  Eat: Chunk             |     1 |     7 |    14 |     8 ||    30
       Bread ration      |       |       |       |     1 ||     1
       Fruit             |       |       |       |     2 ||     2
